 Dungeon Crawl Stone Soup version 0.21-a0-426-g98080a9 (webtiles) character file.

315 kae the Digger (level 6, -6/32 HPs)
             Began as a Gargoyle Earth Elementalist on Nov 7, 2017.
             Mangled by KristoblXynda's ghost (7 damage)
             ... on level 4 of the Dungeon.
             The game lasted 00:04:04 (4341 turns).

kae the Digger (Gargoyle Earth Elementalist)        Turns: 4341, Time: 00:04:04

Health: -6/32      AC:  6    Str: 11    XL:     6   Next: 44%
Magic:  8/12       EV: 12    Int: 18    God:
Gold:   77         SH:  0    Dex: 10    Spells: 9/13 levels left

rFire    . . .     SeeInvis .   a - +1 club
rCold    . . .     Gourm    .   (no shield)
rNeg     + . .     Faith    .   c - +0 robe
rPois    ∞         Spirit   .   (no helmet)
rElec    +         Reflect  .   (no cloak)
rCorr    .         Harm     .   (no gloves)
MR       .....                  (no boots)
Stlth    ++........             (no amulet)
HPRegen  0.10/turn              (no ring)
MPRegen  0.13/turn              (no ring)

@: no status effects
A: negative energy resistance 1, electricity resistance, unbreathing,
petrification resistance, rot immunity, AC +4
a: no special abilities


You were on level 4 of the Dungeon.
You were not hungry.

You visited 1 branch of the dungeon, and saw 4 of its levels.
You also visited: Sewer.

You collected 77 gold pieces.

Inventory:

Hand Weapons
 a - a +1 club (weapon)
Missiles
 b - 81 stones (quivered)
Armour
 c - a +0 robe (worn)
Jewellery
 f - an uncursed amulet of faith {unknown}
Scrolls
 g - 5 scrolls of identify
 h - 2 scrolls of enchant weapon
 k - a scroll of enchant armour {unknown}
 m - a scroll of blinking
 n - a scroll of magic mapping {unknown}
 v - a scroll of teleportation {unknown}
Potions
 i - a potion of agility
 l - 6 potions of flight {unknown}
 o - a potion of curing {unknown}
 p - a potion of magic {unknown}
 q - a potion of invisibility {unknown}
 r - a potion of brilliance {unknown}
 t - 2 potions of cancellation {unknown}
 u - a potion of haste {unknown}
Books
 e - a book of Geomancy

   Spells                             Type                      Level
   a - Sandblast                      Earth                        1
   b - Passwall                       Transmutation/Earth          2
   c - Stone Arrow                    Conjuration/Earth            3
   d - Petrify                        Transmutation/Earth          4
   e - Lee's Rapid Deconstruction     Earth                        5
Comestibles
 d - 2 bread rations
 j - 2 meat rations


   Skills:
 - Level 1.5 Dodging
 - Level 2.1 Stealth
 + Level 4.1 Spellcasting
 + Level 2.5 Conjurations
   Level 0.7 Transmutations
 + Level 6.1 Earth Magic


You had 9 spell levels left.
You knew the following spells:

 Your Spells              Type           Power        Failure   Level  Hunger
a - Sandblast             Erth           ####..       1%          1    None
b - Stone Arrow           Conj/Erth      ###...       8%          3    ###....


Dungeon Overview and Level Annotations

Branches:
Dungeon (4/15)
 Temple: D:4-7

Altars:
Dithmenos
Okawaru
Ru
Sif Muna
The Shining One

Annotations:
D:4 KristoblXynda's ghost, amateur DrTm


Innate Abilities, Weirdness & Mutations

You are resistant to torment.
Your stone body is resilient. (AC +4)
You are immune to poison.
You resist negative energy. (rN+)
You are resistant to electric shocks. (rElec)
You can survive without breathing.
You are immune to petrification.
You are immune to rotting.


Message History

Casting: Sandblast
Confirm with . or Enter, or press ? or * to list all spells.
Aiming: Sandblast
Press: ? - help, Shift-Dir - straight line, f/p - hound
Aim: a hound (almost dead)
The blast of sand hits the hound.
You kill the hound!
b - 82 stones KristoblXynda's ghost hits you.
* * * LOW HITPOINT WARNING * * *
Casting: Sandblast
Confirm with . or Enter, or press ? or * to list all spells.
Aiming: Sandblast
Press: ? - help, Shift-Dir - straight line, f - KristoblXynda's ghost
Aim: KristoblXynda's ghost The blast of sand hits KristoblXynda's ghost.
KristoblXynda's ghost is moderately damaged.
b - 81 stones KristoblXynda's ghost hits you!
You die...

+........## #..........
#.......... #..........
#.......... .....
#.......... ....
####+#..†.....#######'###
#.......@W....#..........
#.............#..........
#.............#..........
#.............#..........
#...........#.#..........
######......#.....###....
#.....###..#####....
#####....## ##..........
#.......##...##.........


You could see KristoblXynda's ghost.

Vanquished Creatures
  A scorpion (D:4)
  An orc priest (D:3)
  A hound (D:4)
  Natasha (thrice) (D:3)
  A hound skeleton (D:2)
  5 adders
  An ooze (D:2)
  2 worms
  2 dart slugs
  4 leopard geckos
  5 orcs
  A giant cockroach (D:2)
  6 goblins
  3 hobgoblins (D:2)
  A quokka (D:2)
  A ball python (D:3)
  6 bats
  8 frilled lizards
  10 kobolds
  6 rats
68 creatures vanquished.

Notes
Turn   | Place    | Note
-------+----------+-------------------------------------------
     0 | D:1      | kae the Gargoyle Earth Elementalist began the quest for the Orb.
     0 | D:1      | Reached XP level 1. HP: 10/10 MP: 3/3
   279 | D:1      | Reached XP level 2. HP: 15/15 MP: 5/5
   289 | D:1      | Reached skill level 4 in Earth Magic
  1351 | D:2      | Found a shadowy altar of Dithmenos.
  1360 | D:2      | Reached XP level 3. HP: 10/19 MP: 3/6
  2095 | D:2      | Reached XP level 4. HP: 15/24 MP: 6/8
  2383 | D:2      | Found a deep blue altar of Sif Muna.
  2508 | D:2      | Reached skill level 5 in Earth Magic
  2690 | D:3      | Found an iron altar of Okawaru.
  2931 | D:3      | Found a sacrificial altar of Ru.
  2996 | D:3      | Found a glowing drain.
  3007 | Sewer    | Entered a sewer
  3173 | Sewer    | Learned a level 3 spell: Stone Arrow
  3174 | Sewer    | Noticed Purgy
  3268 | D:3      | Reached XP level 5. HP: 21/28 MP: 10/10
  3474 | D:3      | Noticed Natasha
  3476 | D:3      | Killed Natasha
  3476 | D:3      | Reached skill level 1 in Conjurations
  3950 | D:3      | Noticed Natasha
  3954 | D:3      | Killed Natasha
  4114 | D:3      | Noticed Natasha
  4129 | D:3      | Killed Natasha
  4129 | D:3      | Reached XP level 6. HP: 32/32 MP: 6/12
  4215 | D:4      | Reached skill level 6 in Earth Magic
  4281 | D:4      | Found a glowing golden altar of the Shining One.
  4284 | D:4      | Noticed KristoblXynda's ghost (amateur DrTm)
  4340 | D:4      | HP: 1/32 [KristoblXynda's ghost (6)]
  4341 | D:4      | Mangled by KristoblXynda's ghost

Vault maps used:
D:1:      lightli_arrival_farm, serial_glass, glass_columns_b, glass_columns_a,
          glass_columns_c, glass_columns_a
D:2:      nicolae_dithmenos_shadow_blocks, lemuel_blue_sif_altar
D:3:      old_standard_altar, lightli_sewer_entry_pipes,
          nicolae_ru_path_of_blood, uniq_natasha
D:4:      eat_drink_and_be_merry_uskayaw, tso_metal_star, enter_ossuary_2,
          first_bread
Sewer:    sewer_co_purgy_island

Skill      XL: |  1  2  3  4  5  6 |
---------------+-------------------+-----
Earth Magic    | 4 5 6 |  6.1
Spellcasting   | 3 4 |  4.1
Conjurations   | 2 |  2.5
Dodging        | |  1.5
Stealth        | |  2.1
Transmutations | |  0.7

Action                   |  1- 3 |  4- 6 || total
-------------------------+-------+-------++-------
Melee: Unarmed           |    11 |       ||    11
       Club              |   107 |   124 ||   231
 Cast: Sandblast         |    19 |    32 ||    51
       Stone Arrow       |       |     7 ||     7
  Use: Scroll            |     5 |       ||     5
 Stab: Sleeping          |     4 |       ||     4
  Eat: Chunk             |     4 |     8 ||    12
Armor: Robe              |    71 |    45 ||   116
Dodge: Dodged            |   103 |   116 ||   219

Table legend:
 A = Spawn XP
 B = Non-spawn XP
 C = Spawn XP percentage of total XP
 D = Spawn monster count
 E = Non-spawn monster count
 F = Spawn count percentage of total count
 G = Total turns spent on level
                    A         B        C        D         E        F      G
               +---------+---------+-------+---------+---------+-------+---------
         Total |       0 |     451 |   0.0 |       0 |      68 |   0.0 |  4341
               +---------+---------+-------+---------+---------+-------+---------
           D:1 |       0 |      28 |   0.0 |       0 |      16 |   0.0 |  1230
           D:2 |       0 |      84 |   0.0 |       0 |      20 |   0.0 |  1445
           D:3 |       0 |     228 |   0.0 |       0 |      27 |   0.0 |  1298
           D:4 |       0 |     108 |   0.0 |       0 |       2 |   0.0 |   186
         Sewer |       0 |       3 |   0.0 |       0 |       3 |   0.0 |   182
               +---------+---------+-------+---------+---------+-------+---------
